 Dungeon Crawl Stone Soup version 0.30-a0-292-g0f741e3f8e (webtiles) character file.

Game seed: 10500483836996046483

65 scionoferis the Vexing (level 4, -1/33 HPs)
             Began as a Human Hexslinger on Oct 17, 2022.
             Slain by Ijyb
             ... wielding a +0 dagger
              (3 damage)
             ... on level 2 of the Dungeon.
             The game lasted 00:06:03 (1587 turns).

scionoferis the Vexing (Human Hexslinger)           Turns: 1587, Time: 00:06:04

Health: -1/33      AC:  3    Str: 11    XL:     4   Next: 34%
Magic:  7/7        EV: 12    Int: 21    God:
Gold:   114        SH:  0    Dex: 13    Spells: 3/7 levels left

rFire   . . .      SeeInvis .    b - +0 spear
rCold   . . .      Faith    .    (no shield)
rNeg    . . .      Spirit   .    c - +0 robe
rPois   .          Reflect  .    (no helmet)
rElec   .          Harm     .    q - +0 cloak
rCorr   .          Rampage  .    (no gloves)
Will    +....                    (no boots)
Stlth   +.........               (no amulet)
HPRegen 0.25/turn                g - +6 ring of intelligence
MPRegen 0.10/turn                (no ring)

@: no status effects
A: strong-willed 1
a: no special abilities


You were on level 2 of the Dungeon.
You visited 1 branch of the dungeon, and saw 2 of its levels.

You collected 114 gold pieces.

Inventory:

Hand Weapons
 a - a +1 sling
 b - a +0 spear (weapon)
Missiles
 e - 4 javelins
 h - 5 poisoned darts
Armour
 c - a +0 robe (worn)
 l - a +0 leather armour
 o - an orb of light
 q - a +0 cloak (worn)
Jewellery
 g - a +6 ring of intelligence (left hand)
Scrolls
 f - a scroll of amnesia {unknown}
 k - 2 scrolls of teleportation {unknown}
 m - a scroll of butterflies {unknown}
 n - a scroll of noise {unknown}
 p - a scroll of fear {unknown}
 r - a scroll of silence {unknown}


   Skills:
 + Level 1.7 Fighting
 - Level 2.0 Ranged Weapons
 + Level 2.5 Dodging
 + Level 2.0 Spellcasting
 * Level 1.2 Conjurations
 - Level 3.0 Hexes
 * Level 1.2 Earth Magic


You had 3 spell levels left.
You knew the following spells:

 Your Spells              Type           Power      Damage    Failure   Level
a - Slow                  Hex            56%        N/A       4%          1
b - Stone Arrow           Conj/Erth      14%        3d7       26%         3

Your spell library contained the following spells:

 Spells                   Type           Power      Damage    Failure   Level
 Sandblast                Erth           14%        2d6       9%          1
 Passwall                 Tmut/Erth      3%         N/A       17%         2
 Inner Flame              Hex/Fire       8%         N/A       24%         3
 Portal Projectile        Hex/Tloc       16%        N/A       24%         3
 Cause Fear               Hex            7%         N/A       38%         4


Dungeon Overview and Level Annotations

Branches:
Dungeon (2/15)

Altars:

Annotations:
D:2 Ijyb


Innate Abilities, Weirdness & Mutations

You are strong-willed. (Will+)


Message History

Here: Ijyb, wielding a +0 dagger and wearing a +0 scale mail (severely wounded)
The floor.
Unknown command.
Really read the scroll of poison?
The air fills with toxic fumes!
As you read the scroll of poison, it crumbles to dust.
The goblin hits you but does no damage. The kobold barely misses you.
Ijyb hits you with a +0 dagger.
The adder hisses angrily.
You hit Ijyb.
Ijyb is severely wounded.
The goblin hits you but does no damage. The kobold hits you with a +0 dagger.
Ijyb hits you with a +0 dagger.
You closely miss Ijyb.
Ijyb is severely wounded.
The goblin hits you with a staff of fire.
The kobold hits you with a +0 dagger.
* * * LOW HITPOINT WARNING * * *
Ijyb closely misses you.
You aren't carrying any potions.
Unknown command.
Okay, then.
Unknown command.
Casting: Slow (safe; 4% risk of failure)
Confirm with . or Enter, or press ? or * to list all spells.
Okay, then.
Unknown command.
You hit Ijyb but do no damage.
Ijyb is severely wounded.
The goblin hits you with a staff of fire.
* * * LOW HITPOINT WARNING * * *
The kobold barely misses you. Ijyb hits you with a +0 dagger.
* * * LOW HITPOINT WARNING * * *
Unknown command.
You hit Ijyb but do no damage.
Ijyb is severely wounded.
The goblin hits you with a staff of fire.
* * * LOW HITPOINT WARNING * * *
The kobold closely misses you. Ijyb hits you with a +0 dagger.
You die...

###.#......#### §☼☼#
#........# ..§§#
###.☼....# ###
.§§#####§§....# #..
§§☼§§§§§§....# #.#
######§§§§§§§§....#
#.#
§S§§☼§§§§§§§§...†#
#.# #§§§§§§§§§§....#
#.# #§K@§§☼☼#......#
#.# #§§gg§§§#......#
#.# #§§§§§§§####..)#
#.# #☼§§§§§§#
##...###.. #§§§§§§§#
#......... #§§☼§§§§#
#......... #§§§§§§§#
#......... #§§§§§§§#
#########.
#####.#############.


You could see Ijyb, an adder, a goblin and a kobold.

Vanquished Creatures
  An adder (D:2)
  5 dart slugs
  3 ball pythons
  3 endoplasms (D:1)
  3 giant cockroaches (D:1)
  9 goblins
  2 hobgoblins
  A kobold (D:1)
  3 quokkas (D:1)
  5 bats
  4 frilled lizards
  4 rats
43 creatures vanquished.

Notes
Turn   | Place    | Note
-------+----------+-------------------------------------------
     0 | D:1      | scionoferis the Human Hexslinger began the quest for the
                  | Orb.
     0 | D:1      | Reached XP level 1. HP: 15/15 MP: 2/2
    86 | D:1      | Reached XP level 2. HP: 20/21 MP: 4/4
   368 | D:1      | Reached XP level 3. HP: 23/26 MP: 5/5
   425 | D:1      | Learned a level 3 spell: Stone Arrow
  1274 | D:2      | Reached XP level 4. HP: 33/33 MP: 7/7
  1316 | D:2      | Reached skill level 1 in Conjurations
  1322 | D:2      | Reached skill level 1 in Earth Magic
  1546 | D:2      | Noticed Ijyb
  1581 | D:2      | Gained mutation: You are strong-willed. (Will+) [potion of
                  | mutation]
  1587 | D:2      | Slain by Ijyb

Illustrated notes

Levels and vault maps discovered:
D:1:      shiori_arrival_maze, layout_loops_ring, minmay_misc_feat_tower,
          minivault_24, corner_web_ring, st_stairs_12, minmay_split_cup_small
D:2:      kennysheep_the_goblin_king, layout_basic

Skill      XL: |  1  2  3  4 |
---------------+-------------+-----
Spellcasting   | 2 |  2.0
Conjurations   | 1 |  1.2
Earth Magic    | 1 |  1.2
Fighting       | |  1.7
Ranged Weapons | |  2.0
Dodging        | |  2.5
Hexes          | |  3.0

Action                   |  1- 3 |  4- 6 || total
-------------------------+-------+-------++-------
Melee: Spear             |    39 |    43 ||    82
 Fire: Sling             |    73 |    11 ||    84
 Cast: Slow              |     1 |       ||     1
  Use: Potion            |       |     3 ||     3
       Scroll            |       |     1 ||     1
 Stab: Sleeping          |     1 |       ||     1
Armor: Robe              |     9 |    11 ||    20
Dodge: Dodged            |    44 |    44 ||    88

Table legend: (Time is in decaauts)
 A = Elapsed time spent in this place.
 B = Non-inter-level travel time spent in this place.
 C = Inter-level travel time spent in this place.
 D = Time resting spent in this place.
 E = Time spent auto-exploring this place.
 F = Levels seen in this place.
 G = Mean time per level.
                   A        B        C        D        E       F      G
               +--------+--------+--------+--------+--------+-----+--------+
         Total |   1605 |   1530 |     75 |     94 |   1024 |   2 |  802.5 |
       Dungeon |   1605 |   1530 |     75 |     94 |   1024 |   2 |  802.5 |
               +--------+--------+--------+--------+--------+-----+--------+

Top non-repeatable levels by time:
     D:1: 1097 daAuts
     D:2: 507 daAuts
